 Dungeon Crawl Stone Soup version 0.22.1-1-ga44c0e5 (webtiles) character file.

1246 magicm the Cudgeler (level 8, -1/65 HPs)
             Began as a Demonspawn Chaos Knight on Nov 10, 2018.
             Slain by an ogre
             ... wielding a cursed -3 giant club
              (9 damage)
             ... on level 6 of the Dungeon.
             The game lasted 00:18:03 (4427 turns).

magicm the Cudgeler (Demonspawn Chaos Knight)       Turns: 4427, Time: 00:18:04

Health: -1/65      AC: 16    Str: 11    XL:     8   Next: 25%
Magic:  8/8        EV:  3    Int: 14    God:    Xom [*.....]
Gold:   256        SH:  0    Dex: 12    Spells: 7/7 levels left

rFire    . . .     SeeInvis .   h - +2 mace (drain)
rCold    + + .     Gourm    .   (no shield)
rNeg     . . .     Faith    .   s - +0 plate armour
rPois    .         Spirit   .   (helmet restricted)
rElec    +         Reflect  .   l - +0 cloak
rCorr    .         Harm     .   g - +0 pair of gloves
MR       .....                  (no boots)
Stlth    ..........             (no amulet)
HPRegen  0.20/turn              m - ring of flight
MPRegen  0.11/turn              (no ring)

@: about to teleport
A: horns 1, talons 1, rugged brown scales 2, clumsy 1, cold resistance 2,
powered by death 1, electricity resistance, weak 1
a: Renounce Religion, Evoke Flight


You were on level 6 of the Dungeon.
You worshipped Xom.
You were a special plaything of Xom.
You were not hungry.

You visited 1 branch of the dungeon, and saw 6 of its levels.

You collected 256 gold pieces.

Inventory:

Hand Weapons
 a - a +0 hand axe of chaos
 h - a +2 mace of draining (weapon)
Armour
 g - a +0 pair of gloves (worn)
 l - a +0 cloak (worn)
 s - a +0 plate armour (worn)
Jewellery
 m - a ring of flight (left hand)
Scrolls
 e - a scroll of blinking
 f - 3 scrolls of teleportation
 q - a scroll of remove curse
Potions
 b - 2 potions of curing
 c - a potion of agility {unknown}
 d - a potion of resistance {unknown}
 i - a potion of degeneration {unknown}
 j - a potion of flight {unknown}
 n - a potion of mutation {unknown}
 o - a potion of brilliance {unknown}
 r - a potion of magic {unknown}
Comestibles
 p - 3 rations


   Skills:
 + Level 5.2 Fighting
 + Level 3.9(5.3) Axes
 + Level 5.5(6.1) Maces & Flails
 + Level 4.5 Armour
 + Level 2.3 Dodging
 + Level 0.9 Stealth


You had 7 spell levels left.
You didn't know any spells.
Your spell library was empty.

Dungeon Overview and Level Annotations

Branches:
Dungeon (6/15)
 Temple: D:4-7

Altars:
Ashenzari
Fedhas
Gozag
Kikubaaqudgha
Nemelex Xobeh
Okawaru
Qazlal
Trog
Uskayaw
Vehumet
Xom


Innate Abilities, Weirdness & Mutations

You have a pair of small horns on your head.
You are mostly covered in rugged brown scales. (AC +2, +5% HP)
Your flesh is very cold resistant. (rC++)
You regenerate a little health from kills.
You have sharp toenails.
You are clumsy. (Dex -2)
You are resistant to electric shocks. (rElec)
You are weak. (Str -2)


Message History

You feel strangely unstable.
The ufetubus hits you but does no damage. x2
The crimson imp hits you but does no damage.
The ufetubus hits you but does no damage. x2
The crimson imp hits you but does no damage.
You hit the ogre. Your headbutt misses the ogre.
The ogre is almost dead.
The ogre hits you but does no damage.
The ufetubus hits you but does no damage.
The ufetubus hits you.
* * * LOW HITPOINT WARNING * * *
The crimson imp hits you.
* * * LOW HITPOINT WARNING * * *
The crimson imp hits you but does no damage.
You barely miss the ogre. Your kick misses the ogre.
Your headbutt misses the ogre.
The ogre is almost dead.
The ufetubus hits you but does no damage.
The ufetubus barely misses you. The ogre hits you with a giant club!
You die...

##.........
##..........
#...........
#........... #
#........... #
#.......... #
##5.5...... ##
###55@O...... .#
###...###...... .##
##...### ####. ..#
###..###
..#####...##
.^.......## ..###
..........# .....#
..........## .....#
...........####....#


You could see an ogre, 2 crimson imps, a shadow imp and an ufetubus.

Vanquished Creatures
  An orc warrior (D:5)
  2 phantoms
  3 ogres (D:5)
  2 centaurs (D:5)
  A bullfrog (D:6)
  A jelly (D:3)
  A howler monkey (D:5)
  An orc priest (D:4)
  2 hounds
  Crazy Yiuf (D:3)
  An orc wizard (D:4)
  A centaur skeleton (D:5)
  3 worker ants
  A worker ant zombie (D:5)
  5 adders
  An ooze (D:5)
  An adder skeleton (D:5)
  4 worms
  6 dart slugs
  3 leopard geckos
  10 orcs
  8 bats
  6 giant cockroaches
  3 goblins
  8 hobgoblins
  7 jackals
  7 kobolds
  2 quokkas
  3 ball pythons
  A ball python skeleton (D:4)
  A jackal zombie (D:6)
  A quokka skeleton (D:5)
  7 rats
105 creatures vanquished.

Notes
Turn   | Place    | Note
-------+----------+-------------------------------------------
     0 | D:1      | magicm the Demonspawn Chaos Knight began the quest for the
                  | Orb.
     0 | D:1      | Reached XP level 1. HP: 18/18 MP: 1/1
   111 | D:1      | XOM: harmless Erth miscast
   195 | D:1      | Gained mutation: You have a pair of small horns on your
                  | head. [demonic ancestry]
   195 | D:1      | Reached XP level 2. HP: 24/24 MP: 2/2
   406 | D:1      | Reached XP level 3. HP: 12/29 MP: 3/3
   870 | D:2      | Reached skill level 1 in Dodging
   991 | D:2      | Gained mutation: Your flesh is cold resistant. (rC+)
                  | [demonic ancestry]
   991 | D:2      | Reached XP level 4. HP: 26/35 MP: 4/4
  1049 | D:2      | Found a stormy altar of Qazlal.
  1049 | D:2      | Found a hide-covered altar of Uskayaw.
  1086 | D:2      | Found a shimmering altar of Xom.
  1222 | D:2      | XOM: harmless Erth miscast
  1226 | D:2      | Found an iron altar of Okawaru.
  1231 | D:2      | Found a shattered altar of Ashenzari.
  1236 | D:2      | Found a radiant altar of Vehumet.
  1458 | D:2      | Found an opulent altar of Gozag.
  1542 | D:2      | Found a bloodstained altar of Trog.
  1666 | D:3      | Found a runed door.
  1670 | D:3      | Noticed Crazy Yiuf
  1679 | D:3      | Killed Crazy Yiuf
  1863 | D:3      | XOM: potion effect (heal wounds)
  2004 | D:3      | Reached XP level 5. HP: 41/41 MP: 5/5
  2027 | D:3      | Reached skill level 1 in Maces & Flails
  2393 | D:4      | Found an ancient bone altar of Kikubaaqudgha.
  2468 | D:4      | Gained mutation: You are partially covered in rugged brown
                  | scales. (AC +1, +3% HP) [demonic ancestry]
  2468 | D:4      | Reached XP level 6. HP: 40/49 MP: 6/6
  2479 | D:4      | Found a blossoming altar of Fedhas.
  2728 | D:4      | XOM: noise
  2741 | D:4      | XOM: divination: detect items
  2743 | D:4      | XOM: god gift: 7 curare-tipped needles
  2752 | D:4      | XOM: confusion
  2928 | D:4      | XOM: give mutation
  2928 | D:4      | Gained mutation: Your flesh is very cold resistant. (rC++)
                  | [Xom's mischief]
  3121 | D:5      | Entered Level 5 of the Dungeon
  3222 | D:5      | Gained mutation: You regenerate a little health from kills.
                  | [demonic ancestry]
  3222 | D:5      | Reached XP level 7. HP: 22/56 MP: 7/7
  3296 | D:5      | XOM: mild Air miscast
  3365 | D:5      | XOM: god gift: scroll labeled ISTRAU DIMIVUU {god gift}
  3606 | D:5      | XOM: confuse monster(s)
  3613 | D:5      | XOM: summons friendly crimson imp
  3743 | D:5      | XOM: give mutations
  3743 | D:5      | Gained mutation: You are resistant to electric shocks.
                  | (rElec) [Xom's mischief]
  3743 | D:5      | Gained mutation: You have sharp toenails. [Xom's mischief]
  3743 | D:5      | Gained mutation: You are weak. (Str -2) [Xom's mischief]
  3743 | D:5      | Gained mutation: You are clumsy. (Dex -2) [Xom's mischief]
  3989 | D:5      | Found a sparkling altar of Nemelex Xobeh.
  4072 | D:5      | Reached skill level 5 in Maces & Flails
  4072 | D:5      | Gained mutation: You are mostly covered in rugged brown
                  | scales. (AC +2, +5% HP) [demonic ancestry]
  4072 | D:5      | Reached XP level 8. HP: 48/64 MP: 8/8
  4280 | D:6      | XOM: confusion
  4288 | D:6      | XOM: severe Conj miscast
  4302 | D:6      | Reached skill level 5 in Fighting
  4403 | D:6      | XOM: harmless Conj miscast
  4423 | D:6      | XOM: summons 4 hostile demons
  4427 | D:6      | Slain by an ogre

Skill      XL: |  1  2  3  4  5  6  7  8 |
---------------+-------------------------+-----
Axes           | 3 |  3.9
Armour         | 2 3 4 |  4.5
Dodging        | 1 2 |  2.3
Maces & Flails | 2 3 5 |  5.5
Fighting       | 4 5 |  5.2
Stealth        | |  0.9

Action                   |  1- 3 |  4- 6 |  7- 9 || total
-------------------------+-------+-------+-------++-------
Melee: Hand axe          |    78 |       |       ||    78
       Headbutt          |     8 |    16 |    17 ||    41
       Mace              |    13 |   139 |    96 ||   248
       Kick              |       |       |    14 ||    14
  Use: Scroll            |     4 |     6 |     4 ||    14
       Potion            |       |     1 |     2 ||     3
 Stab: Confused          |       |       |     1 ||     1
  Eat: Ration            |       |     3 |     1 ||     4
Armor: Leather armour    |    47 |       |       ||    47
       Scale mail        |       |    76 |    17 ||    93
       Plate armour      |       |       |    47 ||    47
Dodge: Dodged            |    79 |    89 |    33 ||   201
